 Dungeon Crawl Stone Soup version 0.26-a0-255-gd5f3108e62 (webtiles) character file.

Game seed: 1847241548117839402

108 gruber the Slinger (level 5, 0/34 HPs)
             Began as a Halfling Hunter on July 9, 2020.
             Splashed by Ijyb's acid (9 damage)
             ... on level 3 of the Dungeon.
             The game lasted 00:01:26 (2037 turns).

gruber the Slinger (Halfling Hunter)                Turns: 2037, Time: 00:01:27

Health: 0/34       AC:  3    Str: 13    XL:     5   Next: 12%
Magic:  5/5        EV: 14    Int:  9    God:
Gold:   91         SH:  0    Dex: 16    Spells: 4/4 levels left

rFire    . . .     SeeInvis .   a - +1 hunting sling
rCold    . . .     Faith    .   (shield restricted)
rNeg     . . .     Spirit   .   c - +0 leather armour
rPois    .         Reflect  .   (no helmet)
rElec    .         Harm     .   (no cloak)
rCorr    .                      (no gloves)
MR       .....                  (no boots)
Stlth    ++........             (no amulet)
HPRegen  0.11/turn              (no ring)
MPRegen  0.09/turn              (no ring)

@: no status effects
A: small, mutation resistance 1
a: no special abilities


You were on level 3 of the Dungeon.
You were not hungry.

You visited 1 branch of the dungeon, and saw 3 of its levels.

You collected 91 gold pieces.

Inventory:

Hand Weapons
 a - a +1 hunting sling (weapon)
 b - a +0 short sword
Missiles
 d - 39 sling bullets
 i - 79 stones (quivered)
Armour
 c - a +0 leather armour (worn)
Jewellery
 k - an uncursed ring of poison resistance {unknown}
Wands
 o - a wand of polymorph (11)
Scrolls
 e - 5 scrolls of identify {unknown}
 g - 2 scrolls of noise {unknown}
 h - a scroll of immolation {unknown}
 m - a scroll of remove curse {unknown}
 n - a scroll of fear {unknown}
Potions
 j - 2 potions of haste {unknown}
 l - 2 potions of curing {unknown}
 p - a potion of degeneration {unknown}
Comestibles
 f - 9 rations


   Skills:
 - Level 1.7 Fighting
 + Level 8.8 Slings
 - Level 2.1 Dodging
 - Level 1.1 Stealth


You had 4 spell levels left.
You didn't know any spells.
Your spell library was empty.

Dungeon Overview and Level Annotations

Branches:
Dungeon (3/15)

Altars:
Ashenzari
Fedhas
Gozag
Xom

Annotations:
D:3 Ijyb


Innate Abilities, Weirdness & Mutations

You are small and have problems with some larger weapons.
You are somewhat resistant to further mutation.


Message History

You shoot a stone. The stone hits Ijyb but does no damage.
Ijyb is lightly wounded.
Firing (i - inventory. (/) - cycle)
i - 82 stones (quivered)
Press: ? - help, Shift-Dir - straight line, f/p - Ijyb
Aim: Ijyb, wielding a +0 club, wearing a cursed -2 leather armour and carrying a wand of acid (10) (lightly wounded)
You shoot a stone. The stone closely misses Ijyb.
Firing (i - inventory. (/) - cycle)
i - 81 stones (quivered)
Press: ? - help, Shift-Dir - straight line, f/p - Ijyb
Aim: Ijyb, wielding a +0 club, wearing a cursed -2 leather armour and carrying a wand of acid (10) (lightly wounded)
You shoot a stone. The stone hits Ijyb but does no damage.
Ijyb is lightly wounded.
Firing (i - inventory. (/) - cycle)
i - 80 stones (quivered)
Press: ? - help, Shift-Dir - straight line, f/p - Ijyb
Aim: Ijyb, wielding a +0 club, wearing a cursed -2 leather armour and carrying a wand of acid (10) (lightly wounded)
You shoot a stone. The stone barely misses Ijyb.
Ijyb zaps a wand.
The bolt of acid hits you!!
Ouch! That really hurt!
* * * LOW HITPOINT WARNING * * *
You are splashed with acid!
You die...

♣..♣ ♣.♣♣
#.. .(.#
♣♣.♣ #..
...(. ♣.♣♣
#.#.....%.
♣.♣♣
#..>.(....
♣..♣
#$#.......
♣♣.♣
#.#g#.....
♣.♣♣
#.........
♣..♣
#@........
♣♣.♣
#.........
♣.♣
#...#....
♣♣.♣ ###.#
... ♣.♣♣
#.# . ♣♣.♣
#.# ♣♣.♣♣
#.# ♣..♣
##.# ♣..♣
##..#


You could see Ijyb.

Vanquished Creatures
  Jessica (D:2)
  Terence (D:2)
  2 adders (D:2)
  2 dart slugs (D:1)
  A ball python (D:1)
  2 giant cockroaches
  5 goblins
  4 hobgoblins
  2 jackals (D:3)
  3 quokkas
  4 bats
  2 frilled lizards (D:2)
  2 kobolds (D:2)
  4 rats
35 creatures vanquished.

Notes
Turn   | Place    | Note
-------+----------+-------------------------------------------
     0 | D:1      | gruber the Halfling Hunter began the quest for the Orb.
     0 | D:1      | Reached XP level 1. HP: 14/14 MP: 1/1
   135 | D:1      | Reached skill level 6 in Slings
   281 | D:1      | Reached XP level 2. HP: 19/19 MP: 2/2
  1132 | D:2      | Reached skill level 7 in Slings
  1132 | D:2      | Reached XP level 3. HP: 24/24 MP: 3/3
  1174 | D:2      | Found a shattered altar of Ashenzari.
  1182 | D:2      | Found an opulent altar of Gozag.
  1185 | D:2      | Found a blossoming altar of Fedhas.
  1296 | D:2      | Found a shimmering altar of Xom.
  1474 | D:2      | Noticed Jessica
  1484 | D:2      | Killed Jessica
  1484 | D:2      | Reached skill level 8 in Slings
  1484 | D:2      | Reached XP level 4. HP: 28/29 MP: 4/4
  1546 | D:2      | Noticed Terence
  1557 | D:2      | Killed Terence
  1814 | D:3      | Reached XP level 5. HP: 34/34 MP: 5/5
  2030 | D:3      | Noticed Ijyb
  2037 | D:3      | Splashed by Ijyb's acid

Illustrated notes

Levels and vault maps discovered:
D:1:      dpeg_arrival_short_road, layout_basic, minmay_misc_feat_plants
D:2:      layout_basic, grunt_temple_overflow_cloverleaf, first_ration,
          kennysheep_pointless_box, kennysheep_nondescript, uniq_terence,
          uniq_jessica
D:3:      kb_forest_paths, layout_basic, amethyst_overflow_temple_binary,
          corexii_corridor_pit, chequers_serial_rivers_large_b, uniq_ijyb

Skill      XL: |  1  2  3 |
---------------+----------+-----
Slings         | 6 7 8 |  8.8
Fighting       | |  1.7
Dodging        | |  2.1
Stealth        | |  1.1

Action                   |  1- 3 |  4- 6 || total
-------------------------+-------+-------++-------
 Fire: Hunting sling     |    68 |    58 ||   126
  Eat: Ration            |     1 |       ||     1
Armor: Leather armour    |     2 |     4 ||     6
Dodge: Dodged            |    15 |     6 ||    21

Table legend:
 A = Non-vault XP
 B = Vault XP
 C = Vault XP percentage of total XP
 D = Non-vault monster count
 E = Vault monster count
 F = Vault count percentage of total count
                 A         B        C        D         E       F
            +---------+---------+-------+---------+---------+-------
      Total |      78 |      77 |  49.7 |      31 |       4 |  11.4
            +---------+---------+-------+---------+---------+-------
        D:1 |      20 |       0 |   0.0 |      10 |       0 |   0.0
        D:2 |      44 |      73 |  62.4 |      14 |       2 |  12.5
        D:3 |      14 |       4 |  22.2 |       7 |       2 |  22.2
            +---------+---------+-------+---------+---------+-------
